Cogmind - Beta 14 @@@ ROGUE MODE // 2024.10.14 @ 13:30:19 Player: CONM Result: Destroyed by G-73 Enforcer with Phase Gun Performance ------------- Evolutions (5) 2500 Regions Visited (12) 2400 Robots Destroyed (96) 480 Value Destroyed (2852) 2852 Prototype IDs (2) 40 Alien Tech Used (0) 0 Bonus (1521) 1521 TOTAL SCORE: 9793 Bonus ------- High Alert Combat Kills 67 Follower Combat Kills 454 Met Warlord at Base 500 MAIN.C Attacked Warlord 500 Cogmind --------- Core Integrity 0/1000 Matter 300/300 Energy 10/100 System Corruption 8% Temperature Cool (0) Movement Core (350) Ox6 Location -4/Proximity Caves Parts ------- > --- POWER (1) -------- (None) > --- PROPULSION (5) --- Gyrokinetic Inverter Gyrokinetic Inverter > --- UTILITY (8) ------ Large Storage Unit Advanced Signal Interpreter Melee Analysis Suite > --- WEAPON (3) ------- (None) > --- INVENTORY (15) --- Backup Power III Improved Heat Sink Advanced Signal Interpreter Actuator Array Stasis Canceller Advanced Transmission Jammer Advanced ECM Suite Improved System Restoration Module Chainsword Makeshift Axe Peak State ------------ > --- POWER ------------ Neutrino Core > --- PROPULSION ------- Gravmag Array Gyrokinetic Inverter Gyrokinetic Inverter Linear Gravjet > --- UTILITY ---------- Large Storage Unit Advanced Weight Redist. System Advanced Signal Interpreter Melee Analysis Suite Melee Analysis Suite Improved Melee Analysis Suite Phase Shifter Layered Medium Armor Plating > --- WEAPON ----------- Smartbomb Launcher Makeshift Axe > --- INVENTORY -------- Neutrino Core Micro Fission Core Gyrokinetic Inverter Energy Well Structural Scanner Advanced Signal Interpreter Actuator Array Advanced Transmission Jammer Advanced ECM Suite Reaction Control System Improved System Restoration Module Chainsword Chainsword [Rating: 84] Favorites ----------- Power Ion Engine Engine Ion Engine Power Core Neutrino Core Propulsion Gyrokinetic Inverter Leg Aluminum Leg Wheel Wheel Hover Unit Gyrokinetic Inverter Utility Melee Analysis Suite Device Structural Scanner Storage Large Storage Unit Processor Melee Analysis Suite Hackware Hacking Suite Protection Improved Light Armor Plating Weapon Chainsword Energy Gun Backup Laser III Ballistic Gun Light Assault Rifle Ballistic Cannon Improved Light Cannon Launcher Mini Grenade Launcher Special Weapon RU-N14's Throwing Claymores v3 Slashing Weapon Chainsword Piercing Weapon Spear Build | -11 -10 -9 -9 -8 -7 -6 -6 -5 -5 -5 -5 -4 ------- Run | Yrd Mat Mat Min Mat Fac Fac Ext Fac Upp Upp War Pro Slots Evolved 10 | . . 2 . 2 2 2 . 2 . . . . Power . | . . . . . . . . . . . . . Propulsion 3 | . . . . . 2 . . 1 . . . . Utility 6 | . . 2 . 1 . 2 . 1 . . . . Weapon 1 | . . . . 1 . . . . . . . . Parts Attached 137 | 9 3 15 2 11 14 19 16 19 1 9 13 6 Power 19 | 1 . 3 . 2 3 3 1 2 . 2 2 . Engine 10 | 1 . 3 . 1 2 2 1 . . . . . Core 9 | . . . . 1 1 1 . 2 . 2 2 . Reactor . | . . . . . . . . . . . . . Propulsion 37 | 4 . 4 . 4 4 4 5 6 . 1 5 . Treads . | . . . . . . . . . . . . . Leg 14 | 2 . . . 4 2 . 5 1 . . . . Wheel 7 | 2 . 4 . . 1 . . . . . . . Hover 16 | . . . . . 1 4 . 5 . 1 5 . Flight . | . . . . . . . . . . . . . Utility 46 | 2 1 3 2 2 5 7 6 9 . 3 2 4 Device 25 | 1 1 2 1 1 . 4 2 7 . 2 2 2 Storage 5 | 1 . 1 . . 1 1 . . . . . 1 Processor 8 | . . . 1 1 1 . 3 1 . 1 . . Hackware 1 | . . . . . 1 . . . . . . . Protection 7 | . . . . . 2 2 1 1 . . . 1 Artifact . | . . . . . . . . . . . . . Weapon 35 | 2 2 5 . 3 2 5 4 2 1 3 4 2 Energy Gun 1 | . . . . 1 . . . . . . . . Energy Cannon . | . . . . . . . . . . . . . Ballistic Gun 6 | 2 1 2 . . 1 . . . . . . . Ballistic Cannon 1 | . . . . 1 . . . . . . . . Launcher 10 | . 1 3 . 1 . 2 . . . 2 . 1 Special Weapon 1 | . . . . . . . . . . . 1 . Impact Weapon . | . . . . . . . . . . . . . Slashing Weapon 11 | . . . . . . . 3 2 1 1 3 1 Piercing Weapon 5 | . . . . . 1 3 1 . . . . . Special Melee Weapon . | . . . . . . . . . . . . . Unidentified Prototypes 2 | . . . . . 1 . . . . . 1 . Parts Lost 51 | . 1 7 . 6 13 1 7 3 . 2 1 10 Power 8 | . . 1 . 1 3 . 1 . . . 1 1 Propulsion 16 | . . 2 . 1 4 . 3 1 . 2 . 3 Utility 16 | . 1 2 . 1 3 . 3 2 . . . 4 Weapon 11 | . . 2 . 3 3 1 . . . . . 2 Highest Loss Streak 9 | . 1 6 . 3 4 1 4 1 . 1 1 9 To Critical Strikes 1 | . . . . . . . . . . . . 1 Average Slot Usage (%) 84 | . 99 62 89 90 83 76 92 88 94 83 75 75 Engine 4 | . 14 8 11 5 2 5 4 2 . . . . Core 2 | . . . . 2 3 . . 2 5 5 4 4 Leg 10 | . 28 12 . 9 24 . 18 7 . . . . Wheel 1 | . . 7 22 6 . . . . . . . . Hover 10 | . . . . . . 24 6 12 23 20 17 26 Device 10 | . 13 6 17 20 8 4 5 11 11 11 14 9 Storage 7 | . 14 11 11 9 7 2 6 5 5 5 5 5 Processor 13 | . . . 5 11 7 13 22 22 23 23 21 16 Protection 2 | . . . . . 7 1 4 3 5 3 . . Ballistic Gun 5 | . 27 14 11 6 3 . . . . . . . Launcher 2 | . . 1 11 8 7 4 . . . . . . Slashing Weapon 5 | . . . . . . . 8 16 17 11 6 4 Piercing Weapon 2 | . . . . . 3 10 11 . . . . . Peak Build Rating 84 | 9 11 10 14 27 39 57 65 79 78 84 73 72 Average Rating 41 | 5 9 7 11 21 30 43 57 69 77 71 58 61 On Entrance 37 | . 9 8 9 14 27 26 50 65 78 78 59 66 Naked Turns . | . . . . . . . . . . . . . Heaviest Build 63 | 13 16 23 24 33 63 32 46 52 52 56 44 39 Greatest Support 65 | 26 20 20 20 30 60 33 60 60 60 62 65 44 Greatest Overweight (x) 2 | . . 1 1 2 2 . 2 1 . . 1 . Average Overweight (x) . | . . . 1 . . . . . . . . . Largest Inventory Capacity 15 | 8 8 10 10 10 15 15 15 15 15 15 15 15 Average Capacity 12 | 7 8 8 10 10 13 9 15 15 15 15 15 15 Most Carried 15 | 5 8 8 5 10 15 14 15 15 15 15 15 14 Average Carried 10 | 2 7 6 4 7 10 6 10 14 14 14 14 13 Final Capacity 15 | 8 8 10 10 10 15 15 15 15 15 15 15 15 Final Carried 15 | 3 8 5 4 6 14 6 15 15 15 15 14 10 Class Distribution -------------------- 36% | Mutant 32% | Gladiator 20% | Scavenger-Mutant 4% | Skirmisher 3% | Scavenger-Gladiator Dominant Class ---------------- Mutant | -10/Materials Mutant | -9/Materials Mutant | -9/Mines Skirmisher | -8/Materials Scavenger-Mutant | -7/Factory Gladiator | -6/Factory Gladiator | -6/Extension Gladiator | -5/Factory Gladiator | -5/Upper Caves Gladiator | -5/Upper Caves Scavenger-Mutant | -5/Warlord Scavenger-Mutant | -4/Proximity Caves Resources | -11 -10 -9 -9 -8 -7 -6 -6 -5 -5 -5 -5 -4 ----------- Run | Yrd Mat Mat Min Mat Fac Fac Ext Fac Upp Upp War Pro Matter Collected 2448 | 298 126 229 37 325 87 432 326 105 76 109 251 47 Remotely 511 | . . 149 37 325 . . . . . . . . Salvage Created 3265 | 99 363 179 37 432 409 453 379 361 155 320 . 78 Parts 202 | 11 27 14 3 24 19 28 24 15 13 17 . 7 Haulers Intercepted 4 | . 1 . . . 1 . . 2 . . . . Recyclers Shooed 3 | . 2 . . . 1 . . . . . . . Parts Field Recycled . | . . . . . . . . . . . . . Retrieved Matter . | . . . . . . . . . . . . . Parts Self-Destructed 15 | . . . . . . . . . 4 8 . 3 Prevented . | . . . . . . . . . . . . . Kills | -11 -10 -9 -9 -8 -7 -6 -6 -5 -5 -5 -5 -4 ------- Run | Yrd Mat Mat Min Mat Fac Fac Ext Fac Upp Upp War Pro Combat Hostiles Destroyed 60 | . 11 7 . 10 9 3 7 . 1 10 . 2 Melee 10 | . . . . . 1 . 7 . 1 1 . . Guns 17 | . 9 4 . 3 1 . . . . . . . Cannons 2 | . . . . 2 . . . . . . . . AOE 31 | . 2 3 . 5 7 3 . . . 9 . 2 Classes Destroyed 15 | 1 5 2 1 2 2 . . . 2 . . . Worker 6 | . . . 1 . . 4 . 1 . . . . Builder 9 | . . 1 . . 1 5 1 1 . . . . Tunneler 6 | 5 . . 1 . . . . . . . . . Hauler 4 | . 1 . . . 1 . . 2 . . . . Recycler 3 | . . . . . 1 1 . 1 . . . . Minesweeper 1 | . . . . . . . . . 1 . . . Operator 3 | . 1 . . 1 . 1 . . . . . . Watcher 4 | . 1 . . . 2 . 1 . . . . . Swarmer 19 | . 6 3 . . 3 . 3 . . 4 . . Grunt 25 | . 5 3 . 6 2 3 3 . . 3 . . Duelist 1 | . . 1 . . . . . . . . . . Sentry 6 | . . . . 3 2 . 1 . . . . . Hunter 2 | . . . . 1 . . . . 1 . . . Programmer 7 | . . . . . 2 . . . . 3 . 2 Samaritan 4 | . . . . . . . . . 2 2 . . Best Kill Streak 8 | 1 4 3 2 4 7 8 3 1 1 5 . 2 Combat Bots Only 5 | . 4 3 . 3 3 3 3 . 1 5 . 2 Max Kills in Single Turn 3 | 1 2 1 1 3 2 2 1 1 1 3 . 1 Gunslinging . | . . . . . . . . . . . . . Exploded 3 | . 2 1 . 2 2 2 . . . 3 . 1 Melee 1 | . . . . . 1 . 1 . 1 1 . . Uniques/NPCs Destroyed . | . . . . . . . . . . . . . Combat | -11 -10 -9 -9 -8 -7 -6 -6 -5 -5 -5 -5 -4 -------- Run | Yrd Mat Mat Min Mat Fac Fac Ext Fac Upp Upp War Pro Hostile Shots Fired 721 | . 49 39 . 66 141 31 184 17 6 37 8 143 Missed 269 | . 15 12 . 11 50 15 77 7 1 16 4 61 Damage Taken 7137 | . 378 607 . 874 1266 360 1239 348 78 396 64 1527 Core 2141 | . 72 212 . 103 253 157 340 153 . 80 18 753 Absorbed by Shields 30 | . . . . 20 . . 10 . . . . . Ignored by Resistances 28 | . . . . . 28 . . . . . . . Regen/Repaired (Parts) 64 | . . 52 . . . . . . . . 12 . Core Remaining (%) 67 | 100 71 . 47 81 63 . 41 . . . . . Volleys Fired 172 | 11 55 32 2 31 21 9 . . . 9 . 2 Largest 2 | 2 2 2 1 2 2 2 . . . 1 . 1 Hottest 105 | 40 53 56 23 75 105 75 . . . 46 . 46 Shots Fired 295 | 22 110 48 2 49 38 15 . . . 9 . 2 Gun 222 | 22 109 42 2 27 20 . . . . . . . Cannon 18 | . . . . 18 . . . . . . . . Launcher 55 | . 1 6 . 4 18 15 . . . 9 . 2 Special . | . . . . . . . . . . . . . Kinetic 229 | 22 109 42 2 37 17 . . . . . . . Thermal 11 | . . . . 8 3 . . . . . . . Explosive 55 | . 1 6 . 4 18 15 . . . 9 . 2 Electromagnetic . | . . . . . . . . . . . . . Robot Hit Streak 12 | 6 12 8 5 5 7 3 . . . 9 . . Robot Miss Streak 5 | 2 3 5 . 3 2 1 . . . . . . Penetration Max . | . . . . . . . . . . . . . Secondary Targets 1 | . 1 . . . . . . . . . . . Max Gunslinging Chain 1 | . 1 . . . . . . . . . . . Shots Hit Robots 270 | 15 78 31 2 30 33 20 22 9 13 17 . . Core Hits 162 | 9 30 13 2 21 23 21 14 2 4 19 . 4 Critical Kills . | . . . . . . . . . . . . . Critical Parts Destroyed 3 | . 2 . . . 1 . . . . . . . Critical Strikes 14 | . 2 . . 2 4 . 2 . 3 1 . . Burn 2 | . . . . 1 1 . . . . . . . Destroy 3 | . 2 . . . 1 . . . . . . . Blast 1 | . . . . 1 . . . . . . . . Sever 4 | . . . . . . . . . 3 1 . . Impale 4 | . . . . . 2 . 2 . . . . . Melee Attacks 123 | . . . . . 8 30 32 26 15 11 . 1 Impact . | . . . . . . . . . . . . . Slashing 60 | . . . . . . . 7 26 15 11 . 1 Piercing 63 | . . . . . 8 30 25 . . . . . Sneak Attacks 30 | . . . . . 2 11 1 7 6 3 . . Combat Hostiles 1 | . . . . . . . . . 1 . . . Follow-up Attacks 12 | . . . . . . . 6 1 4 1 . . Damage Inflicted 9826 | 136 679 697 28 1014 1594 1711 751 635 780 1647 . 154 Guns 1580 | 129 605 357 28 293 168 . . . . . . . Cannons 197 | . . . . 197 . . . . . . . . Explosions 4454 | . 71 340 . 521 1169 998 . . . 1201 . 154 Melee 3582 | . . . . . 257 713 751 635 780 446 . . Ramming 13 | 7 3 . . 3 . . . . . . . . Kinetic 1633 | 129 605 357 28 367 147 . . . . . . . Thermal 401 | . . . . 123 21 257 . . . . . . Explosive 4197 | . 71 340 . 521 1169 741 . . . 1201 . 154 Electromagnetic . | . . . . . . . . . . . . . Impact . | . . . . . . . . . . . . . Slashing 1974 | . . . . . . . 113 635 780 446 . . Piercing 1608 | . . . . . 257 713 638 . . . . . Highest Corruption 8 | . . . . . 1 . . . . 5 5 8 Average Corruption 3 | . . . . . 1 . . . . 3 5 6 Corruption Purged . | . . . . . . . . . . . . . Corruption Blocked . | . . . . . . . . . . . . . Effects 12 | . . . . . 2 . . . . 7 1 2 Message Errors 2 | . . . . . . . . . . 2 . . Matter Fused 2 | . . . . . 1 . . . . 1 . . Heat Flow Errors 2 | . . . . . 1 . . . . . . 1 Energy Discharges 2 | . . . . . . . . . . 1 . 1 Parts Fused 1 | . . . . . . . . . . 1 . . Data Loss (minor) 3 | . . . . . . . . . . 2 1 . Overload Shots . | . . . . . . . . . . . . . Overflow Damage 684 | . . 25 . 6 131 55 13 180 74 175 . 25 Projectiles . | . . . . . . . . . . . . . Explosions 279 | . . 25 . 6 131 . . . . 92 . 25 Melee 405 | . . . . . . 55 13 180 74 83 . . Knockbacks 4 | . . . . 4 . . . . . . . . Impact . | . . . . . . . . . . . . . Kinetic 4 | . . . . 4 . . . . . . . . Secondary . | . . . . . . . . . . . . . Self-Inflicted Damage 555 | . 27 138 . 55 233 4 . . . . . 98 Shots 17 | . 1 4 . 2 7 1 . . . . . 2 Rammed . | . . . . . . . . . . . . . Targets Rammed 3 | 1 1 . . 1 . . . . . . . . Kicked 3 | 1 1 . . 1 . . . . . . . . Crushed . | . . . . . . . . . . . . . Highest Temperature 369 | . 18 1 . 174 170 3 . 55 138 131 68 369 Average Temperature 51 | . 7 1 . 41 49 3 . 22 73 30 22 81 Received Heat Transfer 1380 | . 141 54 . 279 327 90 396 18 . 27 9 39 Effects 1 | . . . . . . . . . . . . 1 Short Circuit 1 | . . . . . . . . . . . . 1 Siege Activations . | . . . . . . . . . . . . . Robots Corrupted . | . . . . . . . . . . . . . Combat Hostiles . | . . . . . . . . . . . . . Parts Fried . | . . . . . . . . . . . . . Impact Corruptions . | . . . . . . . . . . . . . Robots Melted . | . . . . . . . . . . . . . Combat Hostiles . | . . . . . . . . . . . . . Parts Melted 1 | . . . . 1 . . . . . . . . Heat Transferred 607 | . . . . 296 111 200 . . . . . . Parts Sabotaged 8 | . . . . . . . . . . . 8 . Parts Stolen . | . . . . . . . . . . . . . Parts Stripped . | . . . . . . . . . . . . . Power Chain Reactions . | . . . . . . . . . . . . . Alert | -11 -10 -9 -9 -8 -7 -6 -6 -5 -5 -5 -5 -4 ------- Run | Yrd Mat Mat Min Mat Fac Fac Ext Fac Upp Upp War Pro Peak Influence 590 | 25 285 212 92 289 264 580 590 356 . . . . Initial 256 | . 16 59 82 35 130 122 201 256 . . . . Average 200 | 10 108 120 87 92 165 336 431 259 . . . . Maximum Alert Level 2 | . 1 1 . 1 1 2 2 1 . . . . Low Security (%) 51 | 100 71 85 100 87 80 23 . 7 . . . . Level 1 36 | . 28 14 . 12 19 33 34 92 . . . . Level 2 11 | . . . . . . 42 65 . . . . . Level 3 . | . . . . . . . . . . . . . Level 4 . | . . . . . . . . . . . . . Level 5 . | . . . . . . . . . . . . . High Security . | . . . . . . . . . . . . . Max Security . | . . . . . . . . . . . . . Squads Dispatched 15 | . 3 1 . 2 5 2 2 . . . . . Investigation 2 | . . . . . 1 1 . . . . . . Extermination 3 | . . . . . 2 1 . . . . . . Reinforcement 10 | . 3 1 . 2 2 . 2 . . . . . Assault . | . . . . . . . . . . . . . Garrison . | . . . . . . . . . . . . . Intercept . | . . . . . . . . . . . . . Searches Triggered . | . . . . . . . . . . . . . Construction Impeded 2 | . . . . 1 1 . . . . . . . Haulers Reinforced . | . . . . . . . . . . . . . Active Scanning Responses . | . . . . . . . . . . . . . Cargo Convoy Interrupts . | . . . . . . . . . . . . . Stealth | -11 -10 -9 -9 -8 -7 -6 -6 -5 -5 -5 -5 -4 --------- Run | Yrd Mat Mat Min Mat Fac Fac Ext Fac Upp Upp War Pro Distress Signals 4 | . . . . . . 1 1 2 . . . . Communications Jammed . | . . . . . . . . . . . . . Distress Signals . | . . . . . . . . . . . . . Times Spotted 169 | . 20 10 . 12 20 17 23 15 1 10 24 17 Peak Tracking Total 11 | . 5 3 . 5 4 5 5 9 1 5 11 11 Tactical Retreats 21 | . 2 . . 2 . 4 4 6 . . 2 1 Traps | -11 -10 -9 -9 -8 -7 -6 -6 -5 -5 -5 -5 -4 ------- Run | Yrd Mat Mat Min Mat Fac Fac Ext Fac Upp Upp War Pro Traps Triggered 9 | . . 2 . . . 3 1 3 . . . . Indirectly . | . . . . . . . . . . . . . Trap Hack Attempts . | . . . . . . . . . . . . . Triggered . | . . . . . . . . . . . . . Disarmed . | . . . . . . . . . . . . . Reprogrammed . | . . . . . . . . . . . . . Reused . | . . . . . . . . . . . . . Traps Extracted . | . . . . . . . . . . . . . Installed . | . . . . . . . . . . . . . Triggered 7 | . . . . . . . . . 1 . 6 . Machines | -11 -10 -9 -9 -8 -7 -6 -6 -5 -5 -5 -5 -4 ---------- Run | Yrd Mat Mat Min Mat Fac Fac Ext Fac Upp Upp War Pro Machines Disabled 9 | . . . . 3 3 2 1 . . . . . Max in Single Turn 2 | . . . . 1 1 2 . . . . . . Garrison Access 3 | . . . . . . 1 . 2 . . . . Energy Cycler 1 | . . . . . . . 1 . . . . . Machines Repaired . | . . . . . . . . . . . . . Machines Dismantled . | . . . . . . . . . . . . . Machines Sabotaged . | . . . . . . . . . . . . . Overloaded Fab Kills . | . . . . . . . . . . . . . Hacking | -11 -10 -9 -9 -8 -7 -6 -6 -5 -5 -5 -5 -4 --------- Run | Yrd Mat Mat Min Mat Fac Fac Ext Fac Upp Upp War Pro Machines Accessed 36 | . 4 2 . 2 3 5 6 11 . . 3 . Terminals 18 | . 4 1 . . 1 1 6 5 . . . . Fabricators 3 | . . . . . . 2 . 1 . . . . Repair Stations 1 | . . 1 . . . . . . . . . . Recycling Units 3 | . . . . . 1 . . 2 . . . . Scanalyzers 3 | . . . . 2 . 1 . . . . . . Garrison Access 5 | . . . . . 1 1 . 3 . . . . Total Hacks 74 | . 14 5 . 5 9 7 11 19 . . 4 . Successful 37 | . 7 2 . 2 5 6 5 6 . . 4 . Failed 37 | . 7 3 . 3 4 1 6 13 . . . . Catastrophic 6 | . . . . . 2 . 3 1 . . . . Database Lockouts . | . . . . . . . . . . . . . Manual 25 | . 14 2 . . 2 . 4 2 . . 1 . Terminals 40 | . 14 2 . . 5 1 11 7 . . . . Fabricators 5 | . . . . . . 3 . 2 . . . . Repair Stations 3 | . . 3 . . . . . . . . . . Recycling Units 6 | . . . . . 2 . . 4 . . . . Scanalyzers 7 | . . . . 5 . 2 . . . . . . Garrison Access 9 | . . . . . 2 1 . 6 . . . . Terminal Hacks 11 | . . . . . 2 1 3 1 . . 4 . Record 2 | . . . . . . . . . . . 2 . Open Door 5 | . . . . . . 1 2 . . . 2 . Level Access Points 1 | . . . . . 1 . . . . . . . Alert Level 1 | . . . . . 1 . . . . . . . Hauler Manifests 2 | . . . . . . . 1 1 . . . . Fabricator Hacks 4 | . . . . . . 3 . 1 . . . . Load Schematic 1 | . . . . . . 1 . . . . . . Build 3 | . . . . . . 2 . 1 . . . . Repair Station Hacks 2 | . . 2 . . . . . . . . . . Scan Component 1 | . . 1 . . . . . . . . . . Repair 1 | . . 1 . . . . . . . . . . Recycling Unit Hacks 4 | . . . . . 2 . . 2 . . . . Report Inventory 3 | . . . . . 1 . . 2 . . . . Retrieve Components 1 | . . . . . 1 . . . . . . . Scanalyzer 3 | . . . . 2 . 1 . . . . . . Insert Component 2 | . . . . 1 . 1 . . . . . . Analyze 1 | . . . . 1 . . . . . . . . Garrison Access Hacks 3 | . . . . . . 1 . 2 . . . . Seal Access 3 | . . . . . . 1 . 2 . . . . Unauthorized Hacks 10 | . 7 . . . 1 . 2 . . . . . Terminals 10 | . 7 . . . 1 . 2 . . . . . Track 2 | . 2 . . . . . . . . . . . Botnet 7 | . 4 . . . 1 . 2 . . . . . Operators 1 | . 1 . . . . . . . . . . . Fabricators . | . . . . . . . . . . . . . Repair Stations . | . . . . . . . . . . . . . Recycling Units . | . . . . . . . . . . . . . Scanalyzers . | . . . . . . . . . . . . . Garrison Access . | . . . . . . . . . . . . . Data Cores Recovered 1 | . . . . . . 1 . . . . . . Used . | . . . . . . . . . . . . . Hacking Detections 24 | . 4 2 . 1 2 3 3 9 . . . . Full Trace Events 2 | . . . . . 1 1 . . . . . . Feedback Events . | . . . . . . . . . . . . . Feedback Blocked . | . . . . . . . . . . . . . Robot Schematics Acquired . | . . . . . . . . . . . . . Robots Built . | . . . . . . . . . . . . . Authchips . | . . . . . . . . . . . . . Time . | . . . . . . . . . . . . . Total Robot Build Rating . | . . . . . . . . . . . . . Part Schematics Acquired 1 | . . . . 1 . . . . . . . . Parts Built 5 | . . . . . . 3 . 2 . . . . Authchips . | . . . . . . . . . . . . . Time 259 | . . . . . . 131 . 128 . . . . Total Part Build Rating 33 | . . . . . . 17 . 16 . . . . Parts Repaired 1 | . . 1 . . . . . . . . . . Time 26 | . . 26 . . . . . . . . . . Parts Recycled . | . . . . . . . . . . . . . Recycled Matter . | . . . . . . . . . . . . . Retrieved Matter . | . . . . . . . . . . . . . Retrieved Components 2 | . . . . . 2 . . . . . . . Parts Scanalyzed 2 | . . . . 1 . 1 . . . . . . Part Schematics Acquired 1 | . . . . 1 . . . . . . . . Parts Damaged 1 | . . . . . . 1 . . . . . . Bothacking | -11 -10 -9 -9 -8 -7 -6 -6 -5 -5 -5 -5 -4 ------------ Run | Yrd Mat Mat Min Mat Fac Fac Ext Fac Upp Upp War Pro Used RIF Installer . | . . . . . . . . . . . . . Robots Hacked . | . . . . . . . . . . . . . Non-combat . | . . . . . . . . . . . . . Combat . | . . . . . . . . . . . . . Robot Hacks Applied . | . . . . . . . . . . . . . Relay Couplers Released . | . . . . . . . . . . . . . Fabnet Peak Effective % . | . . . . . . . . . . . . . Robots Rewired 3 | . . . . . . . 3 . . . . . Allies Hacked . | . . . . . . . . . . . . . Hacks Repelled . | . . . . . . . . . . . . . Allies | -11 -10 -9 -9 -8 -7 -6 -6 -5 -5 -5 -5 -4 -------- Run | Yrd Mat Mat Min Mat Fac Fac Ext Fac Upp Upp War Pro Total Allies 14 | . . . 2 . . 3 9 . . . . . Largest Group 6 | . . . 2 2 . 3 6 . . . . . Highest-Rated Group 322 | . . . 43 43 . 93 322 . . . . . Highest-Rated Ally 159 | . . . 31 31 . 31 159 . . . . . Total Orders . | . . . . . . . . . . . . . Ally Attacks 73 | . . . . 6 . 14 53 . . . . . Total Damage 1175 | . . . . 127 . 189 859 . . . . . Kills 12 | . . . . 1 . 3 8 . . . . . Allies Corrupted . | . . . . . . . . . . . . . Allies Melted 1 | . . . . . . . 1 . . . . . Intel | -11 -10 -9 -9 -8 -7 -6 -6 -5 -5 -5 -5 -4 ------- Run | Yrd Mat Mat Min Mat Fac Fac Ext Fac Upp Upp War Pro Robot Analysis Total . | . . . . . . . . . . . . . Derelict Logs Recovered 4 | . . . 1 . . . . . 1 . . 2 Drone Launches . | . . . . . . . . . . . . . Drone Recoveries . | . . . . . . . . . . . . . Exploration | -11 -10 -9 -9 -8 -7 -6 -6 -5 -5 -5 -5 -4 ------------- Run | Yrd Mat Mat Min Mat Fac Fac Ext Fac Upp Upp War Pro Turns Passed 6347 | 235 802 387 141 539 623 566 486 936 189 359 613 471 Spaces Moved 5966 | 159 414 259 141 329 404 907 345 1033 336 396 815 428 Core 3 | 1 . 1 . . . . . . . . 1 . Treads . | . . . . . . . . . . . . . Legs 1603 | 128 414 109 . 126 365 . 231 230 . . . . Wheels 562 | 30 . 149 141 203 39 . . . . . . . Hover 3798 | . . . . . . 907 114 803 336 396 814 428 Flight . | . . . . . . . . . . . . . Fastest Speed 38 | 50 120 80 95 95 115 38 40 48 48 48 50 55 Average Speed 75 | 113 120 99 95 115 125 39 92 70 48 54 64 56 Slowest Speed 270 | 120 120 120 95 190 270 42 180 183 48 62 110 66 Overloaded Moves . | . . . . . . . . . . . . . Propulsion Burnouts . | . . . . . . . . . . . . . Robots Hopped . | . . . . . . . . . . . . . Cave-ins Triggered . | . . . . . . . . . . . . . Exploration Rate (%) 38 | 7 59 18 25 22 11 18 43 36 57 58 92 60 Regions Visited 12 Branch Regions 6 Pre-discovered Areas 1 | . . . 1 . . . . . . . . . Known Exits Taken 6 | . . . . . 1 . 1 1 1 1 1 . Unknown Exits Taken 6 | 1 1 1 1 1 . 1 . . . . . . Scrap Searched 2 | . . . . . . . . . 2 . . . Spaces Dug 44 | . . . . . 6 14 . 11 . . . 13 Terrain Destroyed 382 | . 9 53 . 36 59 75 . 11 . 97 . 42 Melee 25 | . . . . . . 14 . 11 . . . . Projectile 3 | . . . . 3 . . . . . . . . AOE 354 | . 9 53 . 33 59 61 . . . 97 . 42 Terrain Rammed . | . . . . . . . . . . . . . Walls Destroyed . | . . . . . . . . . . . . . Machines Disabled . | . . . . . . . . . . . . . Actions | -11 -10 -9 -9 -8 -7 -6 -6 -5 -5 -5 -5 -4 --------- Run | Yrd Mat Mat Min Mat Fac Fac Ext Fac Upp Upp War Pro Total 7381 | 192 631 340 145 438 469 1058 472 1210 349 523 899 655 Wait 823 | 6 149 31 1 56 7 75 32 108 . 90 58 210 Move 5954 | 158 413 258 140 328 403 906 344 1032 335 395 814 428 Hop . | . . . . . . . . . . . . . Pick Up 84 | 5 8 1 . 8 13 9 13 15 1 3 6 2 Fast Attach 56 | 7 . 9 1 2 6 7 9 8 . . 7 . Attach 46 | . 1 5 1 5 5 8 2 4 . 4 5 6 Detach 15 | . . 1 . . . 3 2 1 . 4 2 2 Swap 35 | 2 2 1 . 4 3 4 5 7 1 5 1 . Drop 62 | 2 2 2 . 3 3 11 6 16 2 5 6 4 Fire 172 | 11 55 32 2 31 21 9 . . . 9 . 2 Melee 94 | . . . . . 8 26 22 19 10 8 . 1 Ram . | . . . . . . . . . . . . . Kick 3 | 1 1 . . 1 . . . . . . . . Crush . | . . . . . . . . . . . . . Escape Stasis 4 | . . . . . . . 4 . . . . . Rewire 33 | . . . . . . . 33 . . . . . Trap . | . . . . . . . . . . . . . Miscellaneous . | . . . . . . . . . . . . . Route ------- -11/Scrapyard -10/Materials (discovered 2 exits: *Mat / [*Min]) -9/Materials -9/Mines -8/Materials -7/Factory (discovered 4 exits: *Fac x4) -6/Factory (discovered 2 exits: *Fac / *Ext) -6/Extension -5/Factory (discovered 4 exits: *Fac x3 / *Upp) -5/Upper Caves -5/Upper Caves -5/Warlord -4/Proximity Caves History --------- Turn | Location | Event 11 | -11/Scrapyard | Discovered new exit (range 16) 236 | -11/Scrapyard | Entered Materials 313 | -10/Materials | Build established: Mutant 582 | -10/Materials | Discovered new exit (range 11) 906 | -10/Materials | Discovered new exit (range 9) 1038 | -10/Materials | Entered another Materials area 1038 | -9/Materials | Evolved 2 slots: Utility x2 1095 | -9/Materials | Repaired Ion Engine 1304 | -9/Materials | Lost 6 parts (1p2n1u2w) 1356 | -9/Materials | Core integrity fell below 50% 1404 | -9/Materials | Discovered new exit (range 10) 1425 | -9/Materials | Entered Mines 1495 | -9/Mines | Learned location of Storage (-7) 1557 | -9/Mines | Discovered new exit (range 11) 1566 | -9/Mines | Entered Materials 1566 | -8/Materials | Accompanied by 2 allies 1566 | -8/Materials | Evolved 2 slots: Utility x1, Weapon x1 1579 | -8/Materials | Led the pair of lost Derelicts to an unsafe place 2010 | -8/Materials | Lost 3 parts (3w) 2063 | -8/Materials | Discovered new exit (range 14) 2105 | -8/Materials | Entered Factory 2105 | -7/Factory | Evolved 2 slots: Propulsion x2 2216 | -7/Factory | Lost 4 parts (1p2u1w) 2293 | -7/Factory | Build established: Scavenger-Mutant 2539 | -7/Factory | Identified exit to Factory 2657 | -7/Factory | Lost 4 parts (3n1u) 2728 | -7/Factory | Entered another Factory area 2728 | -6/Factory | Evolved 2 slots: Utility x2 2755 | -6/Factory | Lost 3 parts (1n2w) 2780 | -6/Factory | Discovered new exit (range 3) 3003 | -6/Factory | Fabricated Hacking Suite? 3101 | -6/Factory | Allied Derelicts emerged from ambush trap array 3163 | -6/Factory | Fabricated Adv. Transmission Jammer (x2) 3290 | -6/Factory | Discovered new exit (range 10) 3294 | -6/Factory | Entered Extension 3375 | -6/Extension | Rescued a captive Derelict 3378 | -6/Extension | Rescued a captive Derelict 3396 | -6/Extension | Lost 3 parts (1p1n1u) 3447 | -6/Extension | Lost 4 parts (2n2u) 3490 | -6/Extension | Rescued a captive Derelict 3491 | -6/Extension | Rescued a captive Derelict 3623 | -6/Extension | Energy Cycler disabled 3624 | -6/Extension | Rescued a captive Derelict 3625 | -6/Extension | Rescued a captive Derelict 3633 | -6/Extension | Rescued a captive Derelict 3663 | -6/Extension | Build established: Gladiator 3742 | -6/Extension | Spotted B-75 Beast 3758 | -6/Extension | Discovered new exit (range 19) 3758 | -6/Extension | Spotted B-75 Beast 3772 | -6/Extension | Rescued A7 3772 | -6/Extension | Core integrity fell below 50% 3774 | -6/Extension | Identified exit to Factory 3780 | -6/Extension | Entered Factory 3780 | -5/Factory | Evolved 2 slots: Propulsion x1, Utility x1 4279 | -5/Factory | Discovered new exit (range 15) 4281 | -5/Factory | Discovered new exit (range 14) 4288 | -5/Factory | Identified exit to Factory 4499 | -5/Factory | Fabricated Adv. Recalibrator? 4689 | -5/Factory | Discovered exit to Factory (range 12) 4713 | -5/Factory | Discovered new exit (range 6) 4715 | -5/Factory | Identified exit to Upper Caves 4716 | -5/Factory | Entered Upper Caves 4894 | -5/Upper Caves | Discovered new exit (range 10) 4902 | -5/Upper Caves | Learned Factory security intel 4905 | -5/Upper Caves | Identified exit to Upper Caves 4905 | -5/Upper Caves | Entered another Upper Caves area 5261 | -5/Upper Caves | Discovered new exit (range 5) 5264 | -5/Upper Caves | Identified exit to Warlord 5264 | -5/Upper Caves | Entered Warlord 5294 | -5/Warlord | System corruption cleaned by Quarantine Array 5376 | -5/Warlord | Received a Watcher feed algorithm from an ecstatic Tinkerer 5394 | -5/Warlord | Met Warlord 5419 | -5/Warlord | Warlord's base attacked by MAIN.C 5629 | -5/Warlord | Found Prototype Special Weapon 5629 | -5/Warlord | Identified RU-N14's Throwing Claymores v3 5654 | -5/Warlord | Opened side exit 5769 | -5/Warlord | Warlord forces counterattacked 5774 | -5/Warlord | Spotted Striker 5793 | -5/Warlord | Spotted Executioner 5846 | -5/Warlord | Lost 9 allies 5855 | -5/Warlord | Discovered new exit (range 14) 5861 | -5/Warlord | Identified exit to Proximity Caves 5877 | -5/Warlord | Entered Proximity Caves 6071 | -4/Proximity Caves | Received a Behemoth hack from an annoying Tinkerer 6094 | -4/Proximity Caves | Learned 4 Research zone layouts 6140 | -4/Proximity Caves | Build established: Scavenger-Mutant 6203 | -4/Proximity Caves | Learned location of 1 exit from Upper Caves 6296 | -4/Proximity Caves | Core integrity fell below 50% 6310 | -4/Proximity Caves | Core integrity fell below 20% 6332 | -4/Proximity Caves | Lost 9 parts (1p3n3u2w) 6348 | -4/Proximity Caves | Destroyed by G-73 Enforcer with Phase Gun Last Messages --------------- 06298_ Chainsword destroyed. 06298_ Penetrated by Slug. 06298_ Slug penetrates Wall. 06298_ Penetrated by Slug. 06298_ Adv. Weight Redist. System destroyed. 06301_ Slug penetrates H-77 Assassin. 06301_ Penetrated by Slug. 06301_ Critical hit (Destroy). 06301_ Gyrokinetic Inverter destroyed. 06301_ Penetrated by Slug. 06301_ Dropped Energy Well. 06302_ Penetrated by Slug. 06303_ The unstable cave ceiling collapses. 06304_ Slug penetrates H-77 Assassin. 06307_ Slug penetrates Wall. 06309_ Slug penetrates H-77 Assassin. 06309_ Slug penetrates Wall. 06313_ Penetrated by Slug. 06339_ G-73 Enforcer: "INCOMING HOSTILES. DEFEND SHIPMENT RENDEZVOUS PERIMETER." Map ----- +----------------------------------------------------+ | | | | | | | | | ?????????????????????????????????????????????????? | | ?????????????????????????????????????????????????? | | ?????????????????????????????????????????????????? | | ?????????????????????????????????????????????????? | | ?????????????????????????????????????????????????? | | ?????????????????????????????????????????????????? | | ?????????????????????????????????????????????????? | | ?????????????????????????????????????????????????? | | ?????????????????????????????????????????????????? | | ?????????????????????????????????????????????????? | | ?????????????????????????????????????????????????? | | ?????????????????????????????????????????????????? | | ?????????????????????????????????????????????????? | | ?????????????????????????????????????????????????? | | ?????????????????????????????????????????????????? | | ???????????????????????##????????????????????????? | | ???????????????? ????## ????????????????????????? | | ????????????????? ??# ????????????????????????? | | ?????????????????# ??# ????????????????????????? | | ????????????????## ### ###?????????????????????? | | ?????????????#?## g# ###???????????????????? | | ????????????# # g @ ##??????????????????? | | ? ??????? ggg #??????????????????? | | ? ?????? ##??????????????????? | | # #??????? #???????????????????? | | # #??????? ### ##??????????????????? | | # #????????????## #??????????????????? | | # #?????????????# #??????????????????? | | # #?????????????## #??????????????????? | | # ##?????????????#### #??????????????????? | | # #????????????????# #??????????????????? | | # #????? ??????## #??????????????????? | | #????# ??##??# #??????????????????? | | #?????? ?# ### #??????????????????? | | ##?????# ?# #??????????????????? | | #?????# ## ## #??????????????????? | | #?????# ### ##??????????????????? | | ###????# #####???????????????????? | | #????## ### ##?????????????????????? | | #?????# ### #?????????????????????? | | #### #?????# ## #?????????????????????? | | " # #?????### ##?????????????????????? | | [ #??????## ## ##??????????????????????? | | "" #?????## ##?##???????????????????????? | | #?????# ##???????????????????????????? | | # ##??### ##????????????????????????????? | +----------------------------------------------------+ Best States ------------- Heat Dissipation 40 Energy Generation 19 Energy Capacity 450 Matter Stores 300 Matter Capacity 300 Sight Range 22 Robot Scan Range 15 Terrain Scan Range 16 Terrain Scan Density 85 ECM Strength 2 Jamming Range 16 Additional Mass Support 9 Armor Coverage 450 Resistance: KI 30 Resistance: TH 25 Core Shielding 20 Power Shielding 33 Phase Shifting 5 Evasion (%) 59 Targeting Accuracy 6 Melee Accuracy 16 Offensive Hacking 10 Item Schematics ----------------- Hacking Suite | -8/Materials | Scanalyzed Robot Schematics ------------------ None Fabricated ------------ Hacking Suite | x1 | -6/Factory Adv. Transmission Jammer | x2 | -6/Factory | Preloaded Adv. Recalibrator | x2 | -5/Factory | Preloaded Alien Tech Used ----------------- None Achievements -------------- Prison Break Challenges ------------ None Game ------ Seed SuperchargedPointDerivative Manual? 0 Play Time 02:09:40 Cumulative 94.0 hours Start 2024.10.08 @ 23:44:46 End 2024.10.14 @ 13:30:19 Sessions 12 Manual Loads 0 Difficulty Rogue Special Mode None Game No. 122 Rogue 122 Adventurer 0 Explorer 0 Win Type - Total 0 Types 0/0/0/0/0/0/0/0/0 Lore% 39 Gallery% 40 Achievement% 39 Wizard Run 0 Options --------- Layout 0 ASCII 0 Keyboard 0 Movement Arrows Keybinds 0 Fullscreen 1 Font 20/SmallcapsGlow Map View 66x50 Zoom Use 0% Tactical HUD 1 Map Filters NONE Filters NONE Steam 1 RUN: d8253d10-a7db-45a5-b1b6-41489bc83daa